 Dungeon Crawl Stone Soup version 0.24.1-14-gf8d2b509d9 (webtiles) character file.

Game seed: 18003146481820141998, levelgen mode: deterministic

28 Descartes the Shield-Bearer (level 3, 0/29 HPs)
             Began as a Formicid Fighter on May 16, 2020.
             Slain by a centaur (1 damage)
             ... on level 4 of the Dungeon.
             The game lasted 00:01:08 (802 turns).

Descartes the Shield-Bearer (Formicid Fighter)       Turns: 802, Time: 00:01:09

Health: 0/29       AC:  6    Str: 20    XL:     3   Next: 30%
Magic:  3/3        EV:  8    Int:  8    God:
Gold:   66         SH:  9    Dex: 10    Spells: 2/2 levels left

rFire    . . .     SeeInvis +   a - +0 long sword
rCold    . . .     Gourm    .   c - +0 shield
rNeg     . . .     Faith    .   b - +0 scale mail
rPois    .         Spirit   .   (helmet unavailable)
rElec    .         Reflect  .   (no cloak)
rCorr    .         Harm     .   (no gloves)
MR       .....                  (no boots)
Stlth    ..........             (no amulet)
HPRegen  0.09/turn              (no ring)
MPRegen  0.08/turn              (no ring)

@: no status effects
A: permanent stasis, dig shafts and tunnels, four strong arms, antennae 3
a: Dig, Shaft Self


You were on level 4 of the Dungeon.
You were not hungry.

You visited 1 branch of the dungeon, and saw 3 of its levels.

You collected 66 gold pieces.

Inventory:

Hand Weapons
 a - a +0 long sword (weapon)
Armour
 b - a +0 scale mail (worn)
 c - a +0 shield (worn)
Scrolls
 e - a scroll of immolation {unknown}
Potions
 d - a potion of might
 g - a potion of lignification {unknown}
 h - a potion of cancellation {unknown}
 j - 2 potions of haste {unknown}
 k - a potion of agility {unknown}
 l - a potion of heal wounds {unknown}
Comestibles
 f - 3 rations


   Skills:
 + Level 3.6 Fighting
 + Level 2.4 Long Blades
 + Level 3.6 Armour
 + Level 4.1 Shields


You had 2 spell levels left.
You didn't know any spells.
Your spell library was empty.

Dungeon Overview and Level Annotations

Branches:
Dungeon (2/15)

Altars:
Sif Muna


Innate Abilities, Weirdness & Mutations

You cannot be hasted, slowed, berserked, paralysed or teleported.
You can dig through walls and to a lower floor.
Your four strong arms can wield two-handed weapons with a shield.
You have a pair of large antennae on your head. (SInv)


Message History

You see here 2 arrows.
You are too injured to fight recklessly!
You are too injured to fight recklessly!
You are too injured to fight recklessly!
The centaur unwields a +0 shortbow.
You block the centaur's attack.
You hit the centaur.
The centaur is moderately wounded.
The centaur closely misses you. The centaur hits you.
* * * LOW HITPOINT WARNING * * *
You hit the centaur.
The centaur is heavily wounded.
The centaur hits you but does no damage.
The centaur hits you.
* * * LOW HITPOINT WARNING * * *
You barely miss the centaur.
The centaur is heavily wounded.
The centaur hits you.
* * * LOW HITPOINT WARNING * * *
The centaur hits you.
You die...

##### #.... #.### #.##.
#.##. #.##. #.##.
####################.##.
......c@.(((.........##.
#######################.
###########.
...(..†.....
###########. #. #. ##


You could see a centaur.

Vanquished Creatures
  An adder (D:2)
  A worm (D:4)
  2 goblins
  3 hobgoblins (D:1)
  A quokka (D:2)
  3 bats (D:1)
  2 frilled lizards (D:1)
  3 rats
16 creatures vanquished.

Notes
Turn   | Place    | Note
-------+----------+-------------------------------------------
     0 | D:1      | Descartes the Formicid Fighter began the quest for the Orb.
     0 | D:1      | Reached XP level 1. HP: 18/18 MP: 1/1
   168 | D:1      | Reached XP level 2. HP: 24/24 MP: 2/2
   608 | D:2      | Found a shimmering blue altar of Sif Muna.
   623 | D:2      | Reached skill level 4 in Shields
   623 | D:2      | Reached XP level 3. HP: 21/29 MP: 3/3
   737 | D:2      | You fall into a shaft and drop 2 floors!
   795 | D:4      | Noticed a centaur
   802 | D:4      | HP: 1/29 [centaur (1)]
   802 | D:4      | Slain by a centaur

Levels and vault maps discovered:
D:1:      minmay_arrival_pointy, layout_basic
D:2:      minmay_chambers_of_twos, layout_basic,
          lemuel_zombie_altar_kikubaaqudgha, yredelemnul_altar_generic,
          lemuel_crystal_altar
D:4:      layout_basic, lemuel_crystal_altar

Skill      XL: |  1  2 |
---------------+-------+-----
Shields        | 4 |  4.1
Fighting       | |  3.6
Long Blades    | |  2.4
Armour         | |  3.6

Action                   || total
-------------------------++-------
Melee: Long sword        ||    75
Armor: Scale mail        ||    36
Dodge: Dodged            ||    28
Block: Shield            ||    42
       Rpst.: Long sword ||     8
